TOP OF THE 1ST |
Los Angeles Dodgers batting - Pitching for Arizona Diamondbacks : RHP Nate Machado
|
Pitching: RHP Nate Machado
|
|
Batting: RHB Clay Buchanan
|
0-0: Called Strike 0-1: Ball 1-1: Ball 2-1: Ground out 1-3 (Groundball, 13S, EV 62.5 MPH)
|
Batting: SHB Shane Marcum
|
0-0: Ball 1-0: Ball 2-0: Called Strike 2-1: Swinging Strike 2-2: Strikes out swinging
|
Batting: LHB Lirak Bazhunaishvili
|
0-0: Foul Ball, location: 2F 0-1: Ball 1-1: Foul Ball, location: 2F 1-2: Ball 2-2: Strikes out swinging
|
Top of the 1st over - 0 runs, 0 hits, 0 errors, 0 left on base; Los Angeles 0 - Arizona 0 |
BOTTOM OF THE 1ST |
Arizona Diamondbacks batting - Pitching for Los Angeles Dodgers : RHP Gyu-hyun Kim
|
Pitching: RHP Gyu-hyun Kim
|
|
Batting: RHB Andy Swaim
|
0-0: Called Strike 0-1: Swinging Strike 0-2: Ball 1-2: Ball 2-2: Strikes out swinging
|
Batting: LHB Roy Steigerwald
|
0-0: SINGLE (Line Drive, 9S, EV 105.6 MPH)
|
Batting: SHB Alec Thorpe
|
0-0: Foul Ball, location: 2F 0-1: Called Strike 0-2: Ball 1-2: Fly out, F8 (Flyball, 8LXD, EV 108.1 MPH)
|
Batting: RHB Katilimomi Kelekolio
|
0-0: Ball 1-0: Ball 2-0: Ball 3-0: Called Strike 3-1: Base on Balls Roy Steigerwald to second
|
Batting: RHB David Casas
|
0-0: Called Strike 0-1: Ball 1-1: Foul Ball, location: 2F 1-2: Strikes out looking
|
Bottom of the 1st over - 0 runs, 1 hit, 0 errors, 2 left on base; Los Angeles 0 - Arizona 0 |
TOP OF THE 2ND |
Los Angeles Dodgers batting - Pitching for Arizona Diamondbacks : RHP Nate Machado
|
Batting: LHB Chris Buchan
|
0-0: Foul Ball, location: 2F 0-1: Ball 1-1: Foul Ball, location: 2F 1-2: Foul Ball, location: 2F 1-2: Ball 2-2: SINGLE (Line Drive, 8RS, EV 106.2 MPH)
|
Batting: RHB John Piccolo
|
0-0: Called Strike 0-1: Ball 1-1: Called Strike 1-2: Foul Ball, location: 2F 1-2: Foul Ball, location: 2F 1-2: DOUBLE (Flyball, 8RXD, EV 111.9 MPH) Chris Buchan to third
|
Batting: SHB Joel Baker
|
0-0: Fly out, F8 (Line Drive, 8RM, EV 93.8 MPH) Runner from 3rd tags up, OUT at HOME! 8-2 John Piccolo to third
|
Batting: RHB Danny Dyer
|
0-0: Called Strike 0-1: Ball 1-1: Ground out 5-3 (Groundball, 5S, EV 66.9 MPH)
|
Top of the 2nd over - 0 runs, 2 hits, 0 errors, 1 left on base; Los Angeles 0 - Arizona 0 |
BOTTOM OF THE 2ND |
Arizona Diamondbacks batting - Pitching for Los Angeles Dodgers : RHP Gyu-hyun Kim
|
Batting: SHB Perry Tuckfard
|
0-0: Ball 1-0: Ball 2-0: Fly out, F9 (Flyball, 9D, EV 83.8 MPH)
|
Batting: LHB Joel Kunkler
|
0-0: Ball 1-0: Foul Ball, location: 2F 1-1: Ball 2-1: Ground out 3-1 (Groundball, 34, EV 103.1 MPH)
|
Batting: RHB Jim Zucco
|
0-0: Ball 1-0: Ball 2-0: Ball 3-0: Called Strike 3-1: Foul Ball, location: 2F 3-2: Ground out 6-3 (Groundball, 6, EV 87.5 MPH)
|
Bottom of the 2nd over - 0 runs, 0 hits, 0 errors, 0 left on base; Los Angeles 0 - Arizona 0 |
TOP OF THE 3RD |
Los Angeles Dodgers batting - Pitching for Arizona Diamondbacks : RHP Nate Machado
|
Batting: RHB Tsutomu Irie
|
0-0: Ball 1-0: Ball 2-0: Ball 3-0: Base on Balls
|
Batting: RHB Tim Nettles
|
0-0: Ball 1-0: Called Strike 1-1: Grounds into double play, 6-4-3 (Groundball, 6MD, EV 77.5 MPH)
|
Batting: RHB Clay Buchanan
|
0-0: Ball 1-0: Ball 2-0: Foul Ball, location: 2F 2-1: Foul Ball, location: 2F 2-2: DOUBLE (Line Drive, 7LM, EV 108.8 MPH)
|
Batting: SHB Shane Marcum
|
0-0: Ball 1-0: Ball 2-0: Ground out 4-3 (Groundball, 34, EV 83.1 MPH)
|
Top of the 3rd over - 0 runs, 1 hit, 0 errors, 1 left on base; Los Angeles 0 - Arizona 0 |
BOTTOM OF THE 3RD |
Arizona Diamondbacks batting - Pitching for Los Angeles Dodgers : RHP Gyu-hyun Kim
|
Batting: LHB Mike Mentzer
|
0-0: Foul Ball, location: 2F 0-1: Ball 1-1: Ball 2-1: Foul Ball, location: 2F 2-2: Strikes out looking
|
Batting: RHB Andy Swaim
|
0-0: Called Strike 0-1: Ground out 1-3 (Groundball, 34S, EV 73.8 MPH)
|
Batting: LHB Roy Steigerwald
|
0-0: Called Strike 0-1: Called Strike 0-2: Ball 1-2: SINGLE (Groundball, 34D, EV 106.9 MPH)
|
Batting: SHB Alec Thorpe
|
0-0: Fly out, F8 (Flyball, 8LD, EV 98.1 MPH)
|
Bottom of the 3rd over - 0 runs, 1 hit, 0 errors, 1 left on base; Los Angeles 0 - Arizona 0 |
TOP OF THE 4TH |
Los Angeles Dodgers batting - Pitching for Arizona Diamondbacks : RHP Nate Machado
|
Batting: LHB Lirak Bazhunaishvili
|
0-0: Ground out 4-3 (Groundball, 4, EV 93.1 MPH)
|
Batting: LHB Chris Buchan
|
0-0: Ground out 4-3 (Groundball, 4, EV 85.6 MPH)
|
Batting: RHB John Piccolo
|
0-0: Ball 1-0: Fly out, F8 (Flyball, 8RD, EV 80.6 MPH)
|
Top of the 4th over - 0 runs, 0 hits, 0 errors, 0 left on base; Los Angeles 0 - Arizona 0 |
BOTTOM OF THE 4TH |
Arizona Diamondbacks batting - Pitching for Los Angeles Dodgers : RHP Gyu-hyun Kim
|
Batting: RHB Katilimomi Kelekolio
|
0-0: Called Strike 0-1: Ground out 6-3 (Groundball, 6M, EV 84.4 MPH)
|
Batting: RHB David Casas
|
0-0: Foul Ball, location: 2F 0-1: Swinging Strike 0-2: Fly out, F2 (Popup, 2LF, EV 85.6 MPH)
|
Batting: SHB Perry Tuckfard
|
0-0: Called Strike 0-1: Ball 1-1: Ball 2-1: Swinging Strike 2-2: Ground out U3 (Groundball, 34, EV 86.2 MPH)
|
Bottom of the 4th over - 0 runs, 0 hits, 0 errors, 0 left on base; Los Angeles 0 - Arizona 0 |
TOP OF THE 5TH |
Los Angeles Dodgers batting - Pitching for Arizona Diamondbacks : RHP Nate Machado
|
Batting: SHB Joel Baker
|
0-0: Called Strike 0-1: Ball 1-1: Foul Ball, location: 2F 1-2: Foul Ball, location: 2F 1-2: Foul Ball, location: 2F 1-2: Ball 2-2: Foul Ball, location: 2F 2-2: Strikes out swinging
|
Batting: RHB Danny Dyer
|
0-0: Foul Ball, location: 2F 0-1: SINGLE (Line Drive, 89S, EV 112.5 MPH)
|
Batting: RHB Tsutomu Irie
|
0-0: Foul Ball, location: 2F 0-1: Called Strike 0-2: Ball Wild Pitch! Danny Dyer to second 1-2: Strikes out swinging
|
Batting: RHB Tim Nettles
|
0-0: Fly out, F9 (Flyball, 9D, EV 103.1 MPH)
|
Top of the 5th over - 0 runs, 1 hit, 0 errors, 1 left on base; Los Angeles 0 - Arizona 0 |
BOTTOM OF THE 5TH |
Arizona Diamondbacks batting - Pitching for Los Angeles Dodgers : RHP Gyu-hyun Kim
|
Batting: LHB Joel Kunkler
|
0-0: Ball 1-0: Fly out, F6 (Popup, 4M, EV 66.9 MPH)
|
Batting: RHB Jim Zucco
|
0-0: Foul Ball, location: 2F 0-1: Ball 1-1: Ball 2-1: Reached via error on a dropped throw from SS, E3 (Groundball, 6, EV 88.1 MPH)
|
Batting: LHB Mike Mentzer
|
0-0: Ball 1-0: Called Strike 1-1: Swinging Strike 1-2: Ball 2-2: Foul Ball, location: 2F 2-2: Fielders Choice at 2nd, 1-6 (Groundball, 34S, EV 65.0 MPH)
|
Batting: RHB Andy Swaim
|
0-0: Ball 1-0: Ball 2-0: Ball 3-0: Called Strike 3-1: Base on Balls Mike Mentzer to second
|
Batting: LHB Roy Steigerwald
|
0-0: Called Strike 0-1: Ball 1-1: SINGLE (Groundball, 56D, EV 78.1 MPH) (infield hit) Mike Mentzer to third Andy Swaim to second
|
Batting: SHB Alec Thorpe
|
0-0: Ball 1-0: Ball 2-0: Ball 3-0: Called Strike 3-1: Ground out U3 (Groundball, 13, EV 80.0 MPH)
|
Bottom of the 5th over - 0 runs, 1 hit, 1 error, 3 left on base; Los Angeles 0 - Arizona 0 |
TOP OF THE 6TH |
Los Angeles Dodgers batting - Pitching for Arizona Diamondbacks : RHP Nate Machado
|
Batting: RHB Clay Buchanan
|
0-0: Fly out, F6 (Flyball, 56D, EV 92.5 MPH)
|
Batting: SHB Shane Marcum
|
0-0: Ball 1-0: Foul Ball, location: 2F 1-1: Ground out 6-3 (Groundball, 6, EV 88.1 MPH)
|
Batting: LHB Lirak Bazhunaishvili
|
0-0: Ground out 6-3 (Groundball, 6, EV 91.2 MPH)
|
Top of the 6th over - 0 runs, 0 hits, 0 errors, 0 left on base; Los Angeles 0 - Arizona 0 |
BOTTOM OF THE 6TH |
Arizona Diamondbacks batting - Pitching for Los Angeles Dodgers : RHP Gyu-hyun Kim
|
Batting: RHB Katilimomi Kelekolio
|
0-0: Called Strike 0-1: Foul Ball, location: 2F 0-2: Ball 1-2: Foul Ball, location: 2F 1-2: SINGLE (Groundball, 4M, EV 104.4 MPH) (infield hit)
|
Batting: RHB David Casas
|
0-0: Called Strike Katilimomi Kelekolio steals 2nd base (no throw) 0-1: Foul Ball, location: 2F 0-2: Ball Wild Pitch! Katilimomi Kelekolio to third 1-2: Strikes out swinging
|
Batting: SHB Perry Tuckfard
|
0-0: Squeeze Bunt to 15 - play home, runner scores, batter safe! Katilimomi Kelekolio scores
|
Batting: LHB Joel Kunkler
|
0-0: Called Strike 0-1: Ball 1-1: Called Strike 1-2: Ball 2-2: Foul Ball, location: 2F 2-2: Foul Ball, location: 2F 2-2: Ball 3-2: Strikes out looking Perry Tuckfard is caught stealing 2nd base 2-6 Batter strikes out.
|
Bottom of the 6th over - 1 run, 1 hit, 0 errors, 0 left on base; Los Angeles 0 - Arizona 1 |
TOP OF THE 7TH |
Los Angeles Dodgers batting - Pitching for Arizona Diamondbacks : RHP Nate Machado
|
Batting: LHB Chris Buchan
|
0-0: Ball 1-0: Called Strike 1-1: Ball 2-1: Fly out, F9 (Flyball, 9, EV 83.8 MPH)
|
Batting: RHB John Piccolo
|
0-0: Ball 1-0: Swinging Strike 1-1: Foul Ball, location: 2F 1-2: Reached on error, E8 (Flyball, 8RD, EV 88.8 MPH)
|
Batting: SHB Joel Baker
|
0-0: Foul Ball, location: 2F 0-1: SINGLE (Groundball, 6S, EV 64.4 MPH) (infield hit) John Piccolo to second
|
Batting: RHB Danny Dyer
|
0-0: Ball 1-0: Foul Ball, location: 2F 1-1: Foul Ball, location: 2F 1-2: Strikes out swinging
|
Batting: RHB Tsutomu Irie
|
0-0: Ball 1-0: Swinging Strike 1-1: Swinging Strike 1-2: Ball 2-2: Foul Ball, location: 2F 2-2: Ball 3-2: Base on Balls John Piccolo to third Joel Baker to second
|
Batting: RHB Tim Nettles
|
0-0: Called Strike 0-1: Swinging Strike 0-2: Strikes out looking
|
Top of the 7th over - 0 runs, 1 hit, 1 error, 3 left on base; Los Angeles 0 - Arizona 1 |
BOTTOM OF THE 7TH |
Arizona Diamondbacks batting - Pitching for Los Angeles Dodgers : RHP Gyu-hyun Kim
|
Pitching: RHP Chris Geraci
|
|
Batting: RHB Jim Zucco
|
0-0: Ball 1-0: Ball 2-0: Called Strike 2-1: Foul Ball, location: 2F 2-2: SINGLE (Line Drive, 4M, EV 99.4 MPH)
|
Batting: LHB Mike Mentzer
|
0-0: Sac Bunt to 2R - play at first, batter OUT! 2-3 Jim Zucco to second
|
Batting: RHB Andy Swaim
|
0-0: Ball 1-0: Foul Ball, location: 2F 1-1: Ball 2-1: Ball 3-1: Fly out, F9 (Flyball, 89D, EV 93.1 MPH) Runner from 2nd tags up, SAFE at 3rd, no throw by RF
|
Batting: LHB Roy Steigerwald
|
0-0: Foul Ball, location: 2F 0-1: Swinging Strike 0-2: Ball 1-2: Foul Ball, location: 2F 1-2: Strikes out swinging
|
Bottom of the 7th over - 0 runs, 1 hit, 0 errors, 1 left on base; Los Angeles 0 - Arizona 1 |
TOP OF THE 8TH |
Los Angeles Dodgers batting - Pitching for Arizona Diamondbacks : RHP Nate Machado
|
Pitching: RHP Adam Silbert
|
|
Batting: RHB Clay Buchanan
|
0-0: Ball 1-0: Ball 2-0: Called Strike 2-1: Called Strike 2-2: Ground out 4-3 (Groundball, 4, EV 105.6 MPH)
|
Batting: SHB Shane Marcum
|
0-0: Ball 1-0: Called Strike 1-1: Called Strike 1-2: Strikes out looking
|
Batting: LHB Lirak Bazhunaishvili
|
0-0: Swinging Strike 0-1: Ball 1-1: Ball 2-1: Swinging Strike 2-2: Strikes out swinging
|
Top of the 8th over - 0 runs, 0 hits, 0 errors, 0 left on base; Los Angeles 0 - Arizona 1 |
BOTTOM OF THE 8TH |
Arizona Diamondbacks batting - Pitching for Los Angeles Dodgers : RHP Chris Geraci
|
Batting: SHB Alec Thorpe
|
0-0: Called Strike 0-1: Called Strike 0-2: Ball 1-2: Ground out U3 (Groundball, 3, EV 81.9 MPH)
|
Batting: RHB Katilimomi Kelekolio
|
0-0: Called Strike 0-1: Swinging Strike 0-2: Foul Ball, location: 2F 0-2: Foul Ball, location: 2F 0-2: Foul Ball, location: 2F 0-2: Ball 1-2: Foul Ball, location: 2F 1-2: Foul Ball, location: 2F 1-2: Ball 2-2: Fly out, F9 (Flyball, 9D, EV 99.4 MPH)
|
Batting: RHB David Casas
|
0-0: Ball 1-0: Foul Ball, location: 2F 1-1: Foul Ball, location: 2F 1-2: Ball 2-2: Ground out U3 (Groundball, 34, EV 84.4 MPH)
|
Bottom of the 8th over - 0 runs, 0 hits, 0 errors, 0 left on base; Los Angeles 0 - Arizona 1 |
TOP OF THE 9TH |
Los Angeles Dodgers batting - Pitching for Arizona Diamondbacks : RHP Adam Silbert
|
Batting: LHB Chris Buchan
|
0-0: Foul Ball, location: 2F 0-1: Called Strike 0-2: Ball 1-2: Foul Ball, location: 2F 1-2: SINGLE (Line Drive, 7S, EV 88.8 MPH)
|
Pinch Runner at 1st Wing-kit Bu:
|
|
Batting: RHB John Piccolo
|
0-0: Swinging Strike 0-1: Swinging Strike 0-2: Ball Wild Pitch! Wing-kit Bu to second 1-2: Foul Ball, location: 2F 1-2: Ground out U3 (Groundball, 34S, EV 80.0 MPH) Wing-kit Bu to third
|
Batting: SHB Joel Baker
|
0-0: Ball 1-0: Ball 2-0: Called Strike 2-1: Swinging Strike 2-2: Foul Ball, location: 2F 2-2: Ball 3-2: Base on Balls
|
Batting: RHB Danny Dyer
|
0-0: Called Strike 0-1: Swinging Strike 0-2: Ball 1-2: Ball 2-2: Ball 3-2: Foul Ball, location: 2F 3-2: Foul Ball, location: 2F 3-2: Grounds into double play, 6-4-3 (Groundball, 6, EV 80.6 MPH)
|
Top of the 9th over - 0 runs, 1 hit, 0 errors, 1 left on base; Los Angeles 0 - Arizona 1 |
|